Map: Nocny Mrok ER

Players

Krystianer - Winner!

  • Race: Protoss Protoss
  • Spawn Location: 5:00

Cham

  • Race: Zerg Zerg
  • League: Master
  • Spawn Location: 11:00

VOD

Have the link to the VOD?

Description

Time

  • Played on: May 16, 2020, 5:59 p.m.
  • Length: 8:54
Show
View Real Time Build Order
Export as new Build Order

Krystianer Protoss - Winner!

Build Orders: 1 Gate Expand, Oracle Opening, Archon Immortal, Archon Drop 

Get SALT Encoding   

  12  0:00  Probe  
  13  0:12  Probe  
  14  0:19  Pylon  
  14  0:24  Probe  
  15  0:37  Probe (Chrono Boost)  
  15  0:39  Gateway  
  16  0:46  Probe (Chrono Boost)  
  16  0:47  Assimilator  
  17  0:52  Probe  
  18  1:04  Probe  
  19  1:16  Probe  
  20  1:24  Nexus  
  20  1:34  Cybernetics Core  
  20  1:37  Probe  
  21  1:41  Assimilator  
  21  1:49  Probe  
  21  1:51  Pylon  
  22  2:01  Probe  
  23  2:07  Adept (Chrono Boost)  
  23  2:13  Probe  
  26  2:18  Stargate  
  26  2:26  Probe (Chrono Boost)  
  26  2:28  Adept (Chrono Boost)  
  27  2:33  Warp Gate  
  27  2:36  Probe (Chrono Boost)  
  30  2:43  Probe (Chrono Boost)  
  31  2:45  Probe (Chrono Boost)  
  31  2:50  Probe x2 (Chrono Boost)  
  34  3:00  Oracle (Chrono Boost)  
  34  3:01  Probe  
  34  3:02  Probe  
  39  3:06  Shield Battery  
  39  3:10  Stalker  
  41  3:13  Probe  
  41  3:14  Probe  
  43  3:26  Probe x2  
  45  3:38  Probe  
  46  3:43  Gateway  
  46  3:44  Probe  
  46  3:48  Assimilator  
  45  3:52  Probe (Chrono Boost), Robotics Facility, Assimilator, Pylon  
  45  3:54  Twilight Council  
  44  3:56  Probe (Chrono Boost)  
  46  4:06  Probe (Chrono Boost)  
  46  4:09  Probe (Chrono Boost)  
  46  4:13  Gateway x2  
  46  4:14  Probe  
  48  4:19  Probe, Pylon  
  49  4:35  Warp Prism (Chrono Boost)  
  49  4:38  Templar Archives  
  49  4:43  Adept x2  
  55  5:00  Probe, Pylon  
  55  5:11  Probe, Forge  
  55  5:12  Nexus  
  55  5:13  Pylon  
  54  5:23  High Templar x4  
  54  5:24  Probe  
  54  5:27  Archon x2  
  61  5:29  Probe  
  61  5:32  Gateway  
  61  5:33  Immortal (Chrono Boost)  
  61  5:34  Gateway  
  62  5:35  Pylon  
  62  5:42  Pylon  
  66  5:44  Probe  
  66  5:48  Protoss Ground Weapons Level 1 (Chrono Boost)  
  66  5:49  Probe  
  68  5:56  Zealot x2  
  72  5:58  Probe, Charge  
  73  6:06  Immortal (Chrono Boost)  
  73  6:07  Probe  
  73  6:10  Probe  
  79  6:19  Probe  
  79  6:25  Gateway  
  81  6:27  Probe, Assimilator, Gateway  
  81  6:29  Assimilator  
  81  6:32  Immortal (Chrono Boost)  
  81  6:35  Probe  
  81  6:39  Probe  
  87  6:41  Sentry  
  87  6:42  Sentry x2  
  87  6:45  Probe, Pylon  
  87  6:47  Probe  
  95  6:51  Probe  
  95  6:53  Pylon  
  96  6:59  Probe  
  96  7:00  Immortal (Chrono Boost)  
  101  7:12  Probe  
  102  7:20  Zealot x5  
  112  7:26  Probe  
  108  7:30  Immortal (Chrono Boost)  
  112  7:39  Pylon  
  112  7:40  Pylon  
  112  7:42  Probe  
  113  7:46  High Templar x4  
  113  7:50  Archon x2  
  121  7:53  Pylon  
  121  7:54  Zealot x2  
  125  8:02  Zealot x2  
  129  8:10  Pylon  
  129  8:22  Stalker x7  
  129  8:26  Zealot  
  142  8:47  Zealot x8  
Show
View Real Time Build Order
Export as new Build Order

Cham Zerg 

Build Orders: Hatch First 

Get SALT Encoding   

  12  0:00  Drone  
  13  0:10  Drone  
  14  0:18  Overlord  
  14  0:36  Drone x2  
  16  0:50  Hatchery  
  16  0:53  Drone  
  16  0:57  Drone  
  16  1:01  Drone  
  18  1:12  Extractor  
  18  1:16  Spawning Pool  
  16  1:18  Drone  
  16  1:21  Drone  
  18  1:32  Drone  
  19  1:42  Drone  
  20  1:52  Drone  
  21  2:04  Queen x2  
  21  2:06  Zergling x4  
  27  2:16  Metabolic Boost  
  27  2:19  Overlord  
  27  2:20  Drone  
  28  2:34  Hatchery, Drone  
  28  2:38  Drone x2  
  30  2:46  Queen  
  30  2:49  Zergling x2  
  30  2:51  Zergling x2  
  34  2:55  Overlord  
  34  2:57  Drone  
  35  3:00  Drone  
  36  3:06  Overlord  
  33  3:29  Drone  
  33  3:30  Drone x6, Spore Crawler  
  36  3:43  Drone x2  
  36  3:48  Spore Crawler  
  37  3:52  Drone x2  
  39  3:56  Drone x3  
  39  4:01  Overlord  
  39  4:02  Drone  
  43  4:05  Drone x4  
  47  4:10  Queen  
  47  4:12  Drone x2  
  47  4:16  Spore Crawler  
  50  4:19  Spore Crawler  
  49  4:24  Drone x3  
  49  4:27  Evolution Chamber  
  49  4:28  Drone  
  53  4:34  Overlord  
  53  4:36  Overlord  
  53  4:38  Roach Warren  
  53  4:41  Drone  
  53  4:42  Drone x3  
  53  4:44  Drone  
  57  4:52  Extractor  
  56  4:53  Drone x2  
  56  4:54  Extractor  
  56  4:55  Zergling x2, Extractor  
  56  4:56  Zergling x2  
  56  4:57  Drone  
  58  5:02  Lair  
  58  5:03  Overlord  
  58  5:04  Zergling x6  
  58  5:05  Zergling x2  
  62  5:08  Drone  
  62  5:12  Drone  
  64  5:18  Drone x2  
  64  5:20  Roach  
  64  5:21  Roach x3  
  71  5:26  Roach  
  71  5:27  Drone x3  
  71  5:28  Drone  
  77  5:35  Overlord  
  77  5:36  Roach  
  77  5:37  Drone  
  77  5:38  Drone x2  
  82  5:45  Drone x2  
  83  5:50  Drone x3  
  83  5:52  Drone  
  83  5:55  Extractor  
  83  5:56  Drone, Extractor  
  86  6:00  Evolution Chamber  
  86  6:01  Baneling Nest  
  84  6:06  Roach  
  84  6:07  Roach x2  
  90  6:13  Hatchery  
  90  6:14  Overlord x2  
  90  6:15  Drone  
  90  6:17  Overlord x2  
  90  6:20  Glial Reconstitution  
  90  6:21  Overlord  
  90  6:24  Overlord  
  90  6:26  Zerg Melee Weapons Level 1  
  90  6:29  Overlord  
  90  6:32  Drone x3  
  93  6:41  Drone x6  
  93  6:45  Centrifical Hooks  
  99  6:48  Overlord  
  99  6:49  Roach x2  
  99  6:50  Roach  
  99  6:53  Baneling  
  99  6:54  Baneling x3  
  105  7:01  Queen  
  105  7:03  Overlord  
  105  7:07  Drone  
  105  7:09  Roach  
  105  7:10  Roach x3  
  105  7:13  Drone x3  
  116  7:16  Drone  
  116  7:17  Drone  
  116  7:22  Drone x2  
  112  7:26  Drone  
  112  7:27  Drone x4  
  114  7:33  Drone  
  114  7:34  Drone x2  
  114  7:36  Drone  
  116  7:45  Overlord  
  116  7:46  Drone x2  
  116  7:47  Drone  
  116  7:50  Spore Crawler  
  116  8:09  Drone x3, Zergling x2  
  116  8:10  Zergling x16  
  116  8:11  Ravager x6  
  133  8:13  Baneling  
  133  8:14  Baneling x2  
  133  8:16  Zergling x4  
  133  8:17  Zergling x2  
  136  8:22  Zergling x6  
  138  8:29  Baneling x5  
  138  8:30  Baneling x6  
Tags
 
Add a new tag
Caveats
  • Supply blocks, unpowered buildings, or Contaminate may cause inaccurate times.
  • Supply counts are checked every 10 seconds.